 Dungeon Crawl Stone Soup version 0.24.0-37-gcf1ca852f1 (webtiles) character file.

Game seed: 8135114771446159767, levelgen mode: deterministic

1226 Iamsoldier the Digger (level 8, 0/54 HPs)
             Began as an Octopode Earth Elementalist on Dec 4, 2019.
             Was an Initiate of Gozag.
             Slain by a quokka (3 damage)
             ... summoned by Eustachio
             ... on level 6 of the Dungeon.
             The game lasted 00:13:32 (5085 turns).

Iamsoldier the Digger (Octopode Earth Elementalist) Turns: 5085, Time: 00:13:34

Health: 0/54       AC:  1    Str:  9    XL:     8   Next: 47%
Magic:  11/14      EV: 15    Int: 18    God:    Gozag
Gold:   254        SH:  0    Dex: 12    Spells: 9/15 levels left

rFire    . . .     SeeInvis .   b - +3 scythe (vamp)
rCold    . . .     Gourm    .   (shield currently unavailable)
rNeg     . . .     Faith    .   (helmet restricted)
rPois    .         Spirit   .   (no amulet)
rElec    .         Reflect  .   u - ring of resist corrosion
rCorr    +         Harm     .   (no ring)
MR       .....                  (no ring)
Stlth    +++.......             (no ring)
HPRegen  0.18/turn              (no ring)
MPRegen  0.14/turn              (no ring)
                                (no ring)
                                (no ring)

@: no status effects
A: almost no armour, stealthy swim, amphibious, 8 rings, constrict 8, camouflage
1, gelatinous body 1
a: Potion Petition, Call Merchant, Bribe Branch, Renounce Religion


You were on level 6 of the Dungeon.
You worshipped Gozag.
Gozag was aware of your devotion.
You were not hungry.

You visited 2 branches of the dungeon, and saw 7 of its levels.

You collected 337 gold pieces.
You paid 83 gold pieces to Gozag.

Inventory:

Hand Weapons
 a - the +4 whip of Raz Amac {slash, rN+}
   (You found it on level 4 of the Dungeon)

   It inflicts extra damage upon your enemies.
   It protects you from negative energy.
 b - a +3 vampiric scythe (weapon)
 j - a +5 battleaxe
Missiles
 c - 131 stones (quivered)
Armour
 e - a +0 buckler
Jewellery
 u - a ring of resist corrosion (left tentacle)
Wands
 o - a wand of clouds (6)
Scrolls
 h - 3 scrolls of remove curse
 i - 5 scrolls of identify
 n - 5 scrolls of teleportation
Potions
 f - 3 potions of might
 g - a potion of magic {unknown}
 k - 2 potions of curing
 l - a potion of lignification {unknown}
 m - a potion of cancellation {unknown}
 p - 2 potions of agility {unknown}
 q - a potion of degeneration {unknown}
 r - 2 potions of haste {unknown}
 s - a potion of berserk rage {unknown}
 t - a potion of heal wounds {unknown}
Comestibles
 d - 6 rations


   Skills:
 + Level 4.1 Fighting
 + Level 4.8 Dodging
 - Level 2.6 Stealth
 + Level 4.2 Unarmed Combat
 + Level 4.4 Spellcasting
   Level 1.0 Transmutations
 + Level 5.3 Earth Magic


You had 9 spell levels left.
You knew the following spells:

 Your Spells              Type           Power        Failure   Level  Hunger
a - Sandblast             Erth           ###...       1%          1    None
b - Lee's Rapid Deconstr  Erth           ###.......   41%         5    ######.

Your spell library contained the following spells:

 Spells                   Type           Power        Failure   Level  Hunger
 Passwall                 Tmut/Erth      ###.....     6%          2    #......
 Stone Arrow              Conj/Erth      ##....       14%         3    ###....
 Petrify                  Tmut/Erth      ###.....     36%         4    ####...


Dungeon Overview and Level Annotations

Branches:
Dungeon (6/15)             Temple (1/1) D:5

Altars:
Ashenzari
Cheibriados
Dithmenos
Elyvilon
Fedhas
Gozag
Hepliaklqana
Kikubaaqudgha
Makhleb
Nemelex Xobeh
Okawaru
Qazlal
Ru
Sif Muna
Trog
Uskayaw
Vehumet
Wu Jian
Xom
Yredelemnul
Zin
The Shining One

Annotations:
D:6 Eustachio


Innate Abilities, Weirdness & Mutations

You cannot wear most types of armour.
You are very stealthy in the water. (Stealth+)
You are amphibious.
You can wear up to eight rings at the same time.
You can use your tentacles to constrict eight enemies at once.
Your skin changes colour to match your surroundings (Stealth+).
Your rubbery body absorbs attacks. (AC +1, EV +1)


Message History

* * * LOW HITPOINT WARNING * * *
The white imp freezes you.
* * * LOW HITPOINT WARNING * * *
Eustachio mumbles some strange words.
Eustachio struggles to blink free from constriction.
The river rat misses you. The shadow imp hits you.
* * * LOW HITPOINT WARNING * * *
Casting: Sandblast (safe; 1% risk of failure)
Confirm with . or Enter, or press ? or * to list all spells.
Aiming: Sandblast (safe; 1% risk of failure)
Press: ? - help, Shift-Dir - straight line, f/p - Eustachio
Aim: Eustachio, wielding a +0 falchion and wearing a +3 leather armour of fire resistance (almost dead, constricted by you)
The blast of sand hits Eustachio.
Eustachio is almost dead.
c - 131 stones You constrict Eustachio.
The shadow imp disappears in a puff of smoke!
The quokka bites you.
You die...
Your body crumbles into a pile of gold.

#.. .... #. #..
...... #@#######
#. #.# ......
........#
#..####.##......
....h.o.#
#..#............
#.#####.#
#..#.......^....
..# #5#
#..............
..# #r#
#....55....# ..###
#@#
####b@@ยง...##.#
..... #.#
#..5rr.......#
#.### #.#
#.#.......#### ..#
#.#.####.####.####
###
#.#.r@.@......# #
#........######
#######.######
...Y....#
#########


You could see Eustachio, an iron imp, a quasit, a river rat, a white imp, a
quokka and a bat.

Vanquished Creatures
  Sigmund (D:4)
  An ice beast (D:5)
  Blork the orc (D:5)
  A bullfrog (D:5)
  2 scorpions
  5 wights (D:2)
  A howler monkey (D:6)
  4 crimson imps (D:3)
  A centaur zombie (D:5)
  A hound (D:2)
  An orc priest (D:3)
  3 orc wizards
  An iguana (D:4)
  A worker ant (D:4)
  4 adders
  A howler monkey skeleton (D:4)
  An ooze (D:1)
  2 dart slugs
  7 orcs
  7 bats
  7 giant cockroaches
  9 goblins
  13 hobgoblins
  6 jackals
  3 quokkas (D:3)
  2 ball pythons
  A jackal skeleton (D:6)
  2 jackal zombies
  5 kobolds
  A leopard gecko skeleton (D:6)
  7 rats
102 creatures vanquished.

Notes
Turn   | Place    | Note
-------+----------+-------------------------------------------
     0 | D:1      | Iamsoldier the Octopode Earth Elementalist began the quest
                  | for the Orb.
     0 | D:1      | Reached XP level 1. HP: 11/11 MP: 3/3
   153 | D:1      | Reached XP level 2. HP: 18/18 MP: 5/5
   321 | D:1      | Found a shattered altar of Ashenzari.
   898 | D:1      | Reached XP level 3. HP: 22/22 MP: 6/6
   936 | D:1      | Reached skill level 1 in Fighting
  1096 | D:2      | Reached skill level 1 in Unarmed Combat
  1141 | D:2      | Found a shimmering blue altar of Sif Muna.
  1152 | D:2      | Reached XP level 4. HP: 22/28 MP: 7/7
  1278 | D:2      | Reached XP level 5. HP: 34/34 MP: 0/9
  1461 | D:2      | Reached XP level 6. HP: 31/39 MP: 7/10
  1467 | D:2      | Reached skill level 4 in Earth Magic
  2033 | D:3      | HP: 2/41 [orc priest/+0 club (6)]
  2277 | D:3      | Found a shimmering altar of Xom.
  2293 | D:3      | Reached XP level 7. HP: 42/45 MP: 12/12
  2306 | D:3      | Found an iron altar of Okawaru.
  3107 | D:4      | Noticed Sigmund
  3116 | D:4      | Killed Sigmund
  3296 | D:4      | Reached XP level 8. HP: 52/52 MP: 12/14
  3308 | D:4      | Learned a level 5 spell: Lee's Rapid Deconstruction
  3459 | D:4      | Found a hide-covered altar of Uskayaw.
  3503 | D:4      | Identified the +4 whip of Raz Amac {slash, rN+} (You found
                  | it on level 4 of the Dungeon)
  3535 | D:5      | Entered Level 5 of the Dungeon
  3679 | D:5      | Noticed Blork the orc
  3687 | D:5      | Killed Blork the orc
  3687 | D:5      | Reached skill level 5 in Earth Magic
  3816 | D:5      | Found a staircase to the Ecumenical Temple.
  3871 | Temple   | Entered the Ecumenical Temple
  4090 | Temple   | Became a worshipper of Gozag Ym Sagoz the Greedy
  4889 | D:6      | Noticed Eustachio
  5085 | D:6      | Slain by a quokka

Levels and vault maps discovered:
D:1:      eino_arrival_cavern_e, layout_loops_ring, evilmike_ruin_ashenzari
D:2:      layout_rooms, old_standard_altar, first_ration
D:3:      minmay_bubble_buster, layout_loops_cross,
          nicolae_overflow_crystal_walls, led_xom_imps,
          minmay_misc_feat_more_columns
D:4:      layout_cave_pools, eat_drink_and_be_merry_uskayaw, uniq_sigmund
D:5:      layout_rooms, temple_doors_e, uniq_blork_the_orc
D:6:      layout_loops_ring, st_stairs_13, uniq_eustachio
Temple:   dpeg_five_rooms_temple

Skill      XL: |  1  2  3  4  5  6  7  8 |
---------------+-------------------------+-----
Fighting       | 1 2 3 4 |  4.1
Unarmed Combat | 1 2 3 4 |  4.2
Dodging        | 3 4 |  4.8
Spellcasting   | 3 4 |  4.4
Earth Magic    | 4 5 |  5.3
Stealth        | |  2.6
Transmutations | |  1.0

Action                   |  1- 3 |  4- 6 |  7- 9 || total
-------------------------+-------+-------+-------++-------
Melee: Unarmed           |    24 |       |       ||    24
       Constrict         |    13 |    11 |    22 ||    46
       Tentacles         |     8 |    10 |    13 ||    31
       Spear             |    21 |     6 |       ||    27
       Battleaxe         |       |    33 |    41 ||    74
       Scythe            |       |       |    54 ||    54
       Punch             |       |       |     5 ||     5
       Whip              |       |       |     6 ||     6
Throw: Stone             |     2 |     2 |       ||     4
 Cast: Sandblast         |     3 |    27 |    21 ||    51
  Use: Scroll            |     5 |       |     8 ||    13
       Potion            |       |     2 |       ||     2
 Stab: Sleeping          |    12 |     1 |     5 ||    18
       Distracted        |       |       |     2 ||     2
  Eat: Chunk             |     1 |     3 |     6 ||    10
       Ration            |       |       |     1 ||     1
Armor: Skin              |     4 |     6 |     4 ||    14
Dodge: Dodged            |    19 |    42 |   100 ||   161
